 Dungeon Crawl Stone Soup version 0.20-a0-949-g916514f (webtiles) character file.

2639 winWinterter the Reanimator (level 9, -2/61 (64) HPs)
             Began as a Demonspawn Necromancer on Apr 1, 2017.
             Was a Believer of Cheibriados.
             Shot with a sling bullet by Joseph (7 damage)
             ... on level 7 of the Dungeon on Apr 4, 2017.
             The game lasted 00:54:03 (8729 turns).

winWinterter the Reanimator (DsNe)                  Turns: 8729, Time: 00:54:04

HP:   -2/61 (64)    AC:  7    Str: 14    XL:     9   Next: 35%
MP:   12/15         EV: 14    Int: 24    God:    Cheibriados [**....]
Gold: 189           SH:  0    Dex: 19    Spells: 6/17 levels left

rFire    . . .     SeeInvis .   s - +0 shortbow
rCold    . . .     Gourm    .   (shield currently unavailable)
rNeg     . . .     Faith    .   d - +1 animal skin
rPois    .         Spirit   .   (helmet restricted)
rElec    .         Reflect  .   t - +0 cloak
rCorr    .         Harm     .   (no gloves)
MR       +....                  y - +0 pair of boots
Stlth    ++++......             (no amulet)
Regen    0.2/turn               h - ring of protection from magic
MPRegen  0.2/turn               (no ring)

@: very slow
A: claws 1, horns 1, talons 1, slimy green scales 1, blurry vision 1, demonic
guardian 2, nightstalker 1, wild magic 1, evolution 1
a: Bend Time, Renounce Religion


You were on level 7 of the Dungeon.
You worshipped Cheibriados.
Cheibriados was pleased with you.
You were not hungry.

You visited 2 branches of the dungeon, and saw 8 of its levels.

You collected 189 gold pieces.

Inventory:

Hand Weapons
 m - a +0 shortbow
 p - a +1 dagger of flaming
 r - a +0 rapier
 s - a +0 shortbow (weapon)
Missiles
 k - 5 poisoned tomahawks
 l - a throwing net
 A - 24 arrows (quivered)
Armour
 a - a +1 robe
 d - a +1 animal skin (worn)
 j - a +0 helmet
 t - a +0 cloak (worn)
 y - a +0 pair of boots (worn)
Jewellery
 h - a ring of protection from magic (left claw)
Wands
 e - a wand of polymorph (12/24)
 n - a wand of random effects (34/48)
Scrolls
 g - 3 scrolls of remove curse
 o - 3 scrolls of identify
 u - a scroll of enchant armour
 v - 2 scrolls of recharging
 w - 3 scrolls of teleportation
Potions
 q - 2 potions of agility
 x - a potion of flight
Books
 b - a book of Necromancy

   Spells                             Type                      Level
   a - Pain                           Necromancy                   1
   b - Animate Skeleton               Necromancy                   1
   c - Vampiric Draining              Necromancy                   3
   d - Regeneration                   Charms/Necromancy            3
   e - Animate Dead                   Necromancy                   4
   f - Control Undead                 Necromancy                   4
Comestibles
 c - 6 bread rations
 i - 2 meat rations
 B - 5 fruits


   Skills:
 - Level 3.5 Fighting
 - Level 3.6 Short Blades
 * Level 2.5 Bows
 + Level 3.0 Dodging
 - Level 3.2 Stealth
 + Level 4.5 Spellcasting
 - Level 1.6 Charms
 * Level 10.2 Necromancy
 * Level 3.3 Invocations


You had 6 spell levels left.
You knew the following spells:

 Your Spells              Type           Power        Failure   Level  Hunger
a - Pain                  Necr           ####         1%          1    None
b - Vampiric Draining     Necr           ######....   1%          3    ##.....
c - Animate Dead          Necr           N/A          2%          4    ####...
d - Regeneration          Chrm/Necr      #####.....   4%          3    ##.....


Dungeon Overview and Level Annotations

Branches:
Dungeon (7/15)             Temple (1/1) D:6

Altars:
Ashenzari
Cheibriados
Dithmenos
Elyvilon
Fedhas
Gozag
Hepliaklqana
Kikubaaqudgha
Makhleb
Nemelex Xobeh
Okawaru
Qazlal
Ru
Sif Muna
Trog
Uskayaw
Vehumet
Wu Jian
Xom
Yredelemnul
Zin
The Shining One

Annotations:
D:4 herpmino's ghost, weakling DsGl
D:7 Joseph


Innate Abilities, Weirdness & Mutations

You have sharp toenails.
You are partially covered in slimy green scales. (AC +2)
A demonic guardian rushes to your aid.
You are slightly more attuned to the shadows.
You have sharp fingernails.
You have a pair of small horns on your head.
Scrolls take you a little longer to read.
Your spells are a little harder to cast, but a little more powerful.
You evolve.


Message History

Press: ? - help, Shift-Dir - straight line, f/p - Joseph
Aim: Joseph, wielding a hunting sling of freezing and wearing a runed leather armour (lightly wounded, chance to defeat MR: 71%)
Okay, then.
Okay, then.
Okay, then.
Okay, then.
Casting: Pain
Confirm with . or Enter, or press ? or * to list all spells.
Okay, then.
Press: ? - help, v - describe, . - travel, g - get item 4 arrows.
The floor.
Casting: Pain
Confirm with . or Enter, or press ? or * to list all spells.
Aiming: Pain
Press: ? - help, Shift-Dir - straight line, p - Joseph Joseph writhes in agony!
Joseph says, "I'm happy to see you. And I'll be happy to kill you."
Joseph shoots a sling bullet.
The sling bullet hits you!
You die...

#).......##..####......### #
##......).##..........#...### ###
.....)....###....######.....###..
..##...##..##..### #...#.......
..#.....#......## #...###.[.##
....._.....)....## #..###....##
.)#.....#........#####).##......#
#.##...##.#........##........#..#
..........##...#@..........###..#
..#......###...4(.........## ##..
.######..# #...((.####...## ##.
..# #..# #...(### #..## #. ..##
#. #..@## #..# ##. ...## #.(.#
#.# #.. ....### ....## # #...
....... (... #.... .####.. ..(
...#.


You could see Joseph and a friendly orange demon.

Vanquished Creatures
  Sigmund (D:6)
  Menkaure (D:7)
  An ice beast (D:6)
  A black bear (D:7)
  A necrophage (D:7)
  2 centaurs
  A bullfrog (D:6)
  A killer bee (D:5)
  A wight (D:7)
  A jelly (D:7)
  2 orc priests
  A bullfrog skeleton (D:6)
  2 iguanas
  5 orc wizards
  4 worker ants
  Terence (D:1)
  Robin (D:3)
  9 gnolls
  4 adders
  An ooze (D:3)
  An adder zombie (D:7)
  An adder skeleton (D:7)
  3 worms
  A leopard gecko (D:6)
  16 orcs
  4 giant cockroaches
  17 goblins
  9 hobgoblins
  3 jackals (D:3)
  6 kobolds
  5 quokkas
  10 bats
  8 frilled lizards
  8 rats
133 creatures vanquished.

Vanquished Creatures (collateral kills)
  A hydra (D:7)
  A spriggan (D:7)
  Eustachio (D:6)
  A necrophage (D:7)
  2 ogres (D:6)
  A bullfrog (D:6)
  A scorpion (D:4)
  9 killer bees
  An orc priest (D:7)
  An orc wizard (D:6)
  An iguana (D:4)
  3 worker ants (D:4)
  4 adders
  2 shadow imps
  An adder skeleton (D:4)
  A leopard gecko (D:7)
  3 orcs
  A ball python (D:4)
35 creatures vanquished.

Grand Total: 168 creatures vanquished

Notes
Turn   | Place    | Note
-------+----------+-------------------------------------------
     0 | D:1      | winWinterter the Demonspawn Necromancer began the quest for the Orb.
     0 | D:1      | Reached XP level 1. HP: 13/13 MP: 3/3
   624 | D:1      | Gained mutation: You have sharp toenails. [demonic ancestry]
   624 | D:1      | Reached XP level 2. HP: 14/19 MP: 3/5
   993 | D:2      | Noticed Terence
  1044 | D:1      | Killed Terence
  1044 | D:1      | Reached skill level 5 in Necromancy
  1044 | D:1      | Gained mutation: A weak demonic guardian rushes to your aid. [demonic ancestry]
  1044 | D:1      | Reached XP level 3. HP: 5/25 MP: 0/6
  1311 | D:1      | Upgraded the game from 0.20-a0-941-gba1b1f9 to 0.20-a0-947-g2784f4f
  1476 | D:2      | Learned a level 3 spell: Vampiric Draining
  1495 | D:2      | Reached skill level 1 in Short Blades
  1728 | D:3      | Found a faded altar of an unknown god.
  2201 | D:2      | Gained mutation: You are slightly more attuned to the shadows. [demonic ancestry]
  2201 | D:2      | Reached XP level 4. HP: 22/31 MP: 1/7
  2351 | D:3      | Reached skill level 1 in Fighting
  2669 | D:3      | Noticed Robin
  3474 | D:3      | Gained mutation: A demonic guardian rushes to your aid. [demonic ancestry]
  3474 | D:3      | Reached XP level 5. HP: 28/37 MP: 8/8
  3733 | D:3      | Killed Robin
  3916 | D:3      | Learned a level 4 spell: Animate Dead
  4047 | D:4      | Noticed herpmino's ghost (weakling DsGl)
  4422 | D:4      | Reached XP level 6. HP: 40/44 MP: 10/10
  4455 | D:4      | Reached skill level 6 in Necromancy
  4917 | D:5      | Entered Level 5 of the Dungeon
  5351 | D:5      | Reached XP level 7. HP: 41/49 MP: 9/11
  5573 | D:5      | Found a hide-covered altar of Uskayaw.
  5587 | D:5      | Found a glowing golden altar of the Shining One.
  5597 | D:5      | Found a shattered altar of Ashenzari.
  5612 | D:5      | Found a basalt altar of Yredelemnul.
  5814 | D:6      | Reached skill level 7 in Necromancy
  5969 | D:6      | Noticed Sigmund
  6416 | D:6      | Found a staircase to the Ecumenical Temple.
  6425 | Temple   | Entered the Ecumenical Temple
  6575 | Temple   | Became a worshipper of Cheibriados the Contemplative
  6620 | D:6      | Killed Sigmund
  6620 | D:6      | Reached skill level 8 in Necromancy
  6718 | D:6      | Noticed Eustachio
  6721 | D:6      | Killed Eustachio
  6721 | D:6      | Reached XP level 8. HP: 55/57 MP: 8/12
  6783 | D:6      | Reached skill level 1 in Bows
  7111 | D:6      | Reached skill level 9 in Necromancy
  7180 | D:6      | Reached * piety under Cheibriados
  7350 | D:7      | Gained mutation: You have sharp fingernails. [potion of mutation]
  7350 | D:7      | Gained mutation: Scrolls take you a little longer to read. [potion of mutation]
  7350 | D:7      | Gained mutation: You evolve. [potion of mutation]
  7350 | D:7      | Gained mutation: Your spells are a little harder to cast, but a little more powerful. [potion of mutation]
  7355 | D:7      | Learned a level 3 spell: Regeneration
  7568 | D:7      | Upgraded the game from 0.20-a0-947-g2784f4f to 0.20-a0-949-g916514f
  7578 | D:7      | Reached skill level 1 in Invocations
  7684 | D:7      | Reached skill level 1 in Charms
  7827 | D:7      | Noticed Menkaure
  7840 | D:7      | Killed Menkaure
  8052 | D:7      | Found a stormy altar of Qazlal.
  8053 | D:7      | Found a blossoming altar of Fedhas.
  8080 | D:7      | Gained mutation: You have a pair of small horns on your head. [evolution]
  8097 | D:7      | Found an iron altar of Okawaru.
  8163 | D:7      | Reached ** piety under Cheibriados
  8163 | D:7      | Gained mutation: You are partially covered in slimy green scales. (AC +2) [demonic ancestry]
  8163 | D:7      | Reached XP level 9. HP: 26/60 MP: 7/14
  8277 | D:7      | Noticed a four-headed hydra
  8284 | D:7      | Killed a four-headed hydra
  8284 | D:7      | Reached skill level 10 in Necromancy
  8715 | D:7      | Noticed Joseph
  8729 | D:7      | Shot with a sling bullet by Joseph

Vault maps used:
D:1:      dpeg_arrival_water_temple_mockup, minmay_misc_feat_chi,
          minmay_misc_feat_iff
D:2:      uniq_terence
D:3:      chequers_ecumenical_altar_simple_redux, first_bread, minmay_quantized,
          uniq_robin
D:4:      nicolae_zen_rock_garden
D:5:      nicolae_overflow_quartered_altars, serial_park_tiny_pond
D:6:      minmay_temple_entry_enclosed_plants, uniq_eustachio, uniq_sigmund
D:7:      lemuel_ice_statue, grunt_temple_overflow_forces_of_nature,
          serial_shops, kennysheep_mini_moat, the_bakery, okawaru_gym_becter,
          uniq_joseph, uniq_crazy_yiuf_cottage, uniq_menkaure
Temple:   kb_temple_of_zot

Skill      XL: |  1  2  3  4  5  6  7  8  9 |
---------------+----------------------------+-----
Stealth        | 2 3 |  3.2
Dodging        | 2 3 |  3.0
Necromancy     | 5 6 8 9 10 | 10.2
Short Blades   | 1 2 3 |  3.6
Fighting       | 1 2 3 |  3.5
Bows           | 1 2 |  2.5
Spellcasting   | 3 4 |  4.5
Invocations    | 2 3 |  3.3
Charms         | 1 |  1.6

Action                   |  1- 3 |  4- 6 |  7- 9 || total
-------------------------+-------+-------+-------++-------
Melee: Unarmed           |    14 |       |       ||    14
       Dagger            |    81 |   100 |    88 ||   269
       Kick              |    10 |     6 |     1 ||    17
       Headbutt          |       |       |     4 ||     4
 Fire: Shortbow          |       |       |    65 ||    65
 Cast: Pain              |    40 |    58 |   103 ||   201
       Vampiric Draining |     1 |     2 |     3 ||     6
       Animate Dead      |       |     3 |     7 ||    10
       Regeneration      |       |       |     2 ||     2
Evoke: Wand              |       |     3 |       ||     3
  Use: Scroll            |     3 |     3 |     4 ||    10
       Potion            |     2 |       |     3 ||     5
 Stab: Sleeping          |     5 |     6 |     3 ||    14
  Eat: Chunk             |     4 |     4 |     6 ||    14
       Royal jelly       |       |     1 |     2 ||     3
       Meat ration       |       |     1 |       ||     1
       Fruit             |       |       |     2 ||     2
Armor: Robe              |    11 |    16 |       ||    27
       Skin              |    16 |       |    10 ||    26
       Animal skin       |       |     6 |    28 ||    34
Dodge: Dodged            |    66 |    66 |    81 ||   213
